 Dungeon Crawl Stone Soup version 0.29.0 (webtiles) character file.

Game seed: 2913099540996400559

37116 Dorkslayer the Severer (level 13, -10/125 HPs)
             Began as a Hill Orc Fighter on Sept 11, 2022.
             Was an Initiate of Gozag.
             Mangled by a caustic shrike simulacrum (41 damage)
             ... in an ice cave.
             The game lasted 01:02:09 (14988 turns).

Dorkslayer the Severer (Hill Orc Fighter)          Turns: 14988, Time: 01:02:10

Health: -10/125    AC: 28    Str: 30    XL:     13   Next: 94%
Magic:  13/13      EV:  8    Int:  7    God:    Gozag
Gold:   1122       SH: 10    Dex: 13    Spells: 12/12 levels left

rFire   . . .      SeeInvis .   J - +4 war axe (freeze)
rCold   . . .      Faith    .   M - +0 kite shield
rNeg    + . .      Spirit   .   h - +2 plate armour {Will+}
rPois   +          Reflect  .   G - +1 hat
rElec   .          Harm     .   E - +2 ratskin cloak {*Rats rPois rN+ Str-1 Int-1 Dex+1}
rCorr   .          Rampage  .   n - +2 pair of gloves {Str+3}
Will    +....                   d - +2 pair of boots
Stlth   ..........              y - amulet of the acrobat
HPRegen 0.30/turn               T - +6 ring of strength
MPRegen 0.13/turn               U - +4 ring of slaying

@: gold aura
A: no striking features
a: Renounce Religion, Potion Petition, Call Merchant, Bribe Branch


You were in an ice cave.
You worshipped Gozag.
Gozag was most pleased with you.
You visited 3 branches of the dungeon, and saw 17 of its levels.
You also visited: Ice Cave.

You collected 4301 gold pieces.
You spent 3088 gold pieces at shops.
You paid 91 gold pieces to Gozag.

Inventory:

Hand Weapons
 o - a +2 scimitar of flaming
 J - a +4 war axe of freezing (weapon)
 P - a +0 broad axe of chaos
Missiles
 e - 4 curare-tipped darts (quivered)
 p - 5 javelins
 I - 14 boomerangs
 O - 3 throwing nets
 V - 5 boomerangs of dispersal
Armour
 d - a +2 pair of boots (worn)
 h - a +2 plate armour of willpower (worn)
 n - a +2 pair of gloves of strength (worn)
 E - the +2 ratskin cloak (worn) {*Rats rPois rN+ Str-1 Int-1 Dex+1}
   (You found it on level 4 of the Dungeon)

   When the wearer is hurt, rats may emerge from it to assist them.
   Str:       It affects your strength (-1).
   Int:       It affects your intelligence (-1).
   Dex:       It affects your dexterity (+1).
   rPois:     It protects you from poison.
   rN:        It protects you from negative energy.
 G - a +1 hat (worn)
 M - a +0 kite shield (worn)
Jewellery
 v - a ring of resist corrosion
 y - an amulet of the acrobat (around neck)
 N - a ring of protection from cold
 T - a +6 ring of strength (left hand)
 U - a +4 ring of slaying (right hand)
Wands
 r - a wand of paralysis (3)
 s - a wand of flame (26)
 A - a wand of light (5)
 C - a wand of roots (15)
 K - a wand of polymorph (5)
Scrolls
 b - 3 scrolls of teleportation
 c - 4 scrolls of fear
 g - 3 scrolls of silence
 l - a scroll of poison {unknown}
 t - a scroll of amnesia
 w - 4 scrolls of enchant armour
 x - a scroll of magic mapping
 H - 2 scrolls of immolation {unknown}
 L - 4 scrolls of butterflies {unknown}
 Q - a scroll of torment {unknown}
Potions
 f - 2 potions of heal wounds
 i - a potion of invisibility
 j - 4 potions of flight
 k - 4 potions of curing
 m - 2 potions of mutation
 q - 2 potions of resistance
 u - 6 potions of brilliance
 z - 2 potions of magic
 B - 2 potions of cancellation
 D - 2 potions of haste
 S - 3 potions of ambrosia


   Skills:
 * Level 14.4 Fighting
 + Level 16.4 Axes
 + Level 1.3 Throwing
 + Level 10.4 Armour
 + Level 4.0 Dodging
 + Level 4.5 Stealth
 + Level 6.6 Shields
 * Level 10.3 Evocations


You had 12 spell levels left.
You didn't know any spells.
Your spell library contained the following spells:

 Spells                   Type           Power      Damage    Failure   Level
 Necrotise                Necr           0%         1d4       100%        1
 Vampiric Draining        Necr           0%         2d6       100%        3
 Agony                    Necr           0%         N/A       100%        5
 Fireball                 Conj/Fire      0%         3d3       100%        5
 Iskenderun's Battlesphe  Conj           0%         2d6       100%        5
 Summon Forest            Summ/Tloc      0%         N/A       100%        5
 Summon Mana Viper        Hex/Summ       0%         N/A       100%        5
 Conjure Ball Lightning   Conj/Air       0%         3x3d6     100%        6
 Summon Cactus Giant      Summ           0%         N/A       100%        6
 Orb of Destruction       Conj           0%         9d5       100%        7


Dungeon Overview and Level Annotations

Branches:
Dungeon (14/15)            Temple (1/1) D:5            Lair (0/5) D:9
    Orc (2/2) D:9             Elf (0/3) Orc:2        Vaults (0/5) D:13
  IceCv (1/1)

Altars:
Ashenzari
Cheibriados
Gozag
Kikubaaqudgha
Makhleb
Okawaru
Sif Muna
Uskayaw
Vehumet
Wu Jian
Xom
Yredelemnul
Zin
The Shining One
Beogh

Shops:
Orc:2 *=([


Message History

You destroy the freezing wraith!
The spriggan defender simulacrum is no longer distracted by gold.
You slash the spriggan defender simulacrum!
The spriggan defender simulacrum is almost destroyed.
You block the spriggan defender simulacrum's attack.
The spriggan defender simulacrum is distracted by your dazzling golden aura.
You slash the freezing wraith!
The freezing wraith is moderately damaged.
You miss the spriggan defender simulacrum.
The spriggan defender simulacrum is no longer distracted by gold.
The lindwurm simulacrum is no longer distracted by gold.
You block the spriggan defender simulacrum's attack.
The freezing wraith hits you. The freezing wraith freezes you!!
The freezing wraith hits you but does no damage.
The lindwurm simulacrum is distracted by your dazzling golden aura.
You slash the freezing wraith!
The freezing wraith is severely damaged.
You slice the spriggan defender simulacrum!!
The spriggan defender simulacrum vaporises!
The caustic shrike simulacrum closely misses you.
The freezing wraith is distracted by your dazzling golden aura.
You closely miss the freezing wraith.
The freezing wraith is no longer distracted by gold.
The freezing wraith is severely damaged.
You closely miss the caustic shrike simulacrum.
The caustic shrike simulacrum claws you but does no damage.
The caustic shrike simulacrum is distracted by your dazzling golden aura.
Unknown command.
You catch the helpless caustic shrike simulacrum completely off-guard!
You hit the caustic shrike simulacrum.
The caustic shrike simulacrum is no longer distracted by gold.
The caustic shrike simulacrum is lightly damaged.
You hit the freezing wraith but do no damage.
The freezing wraith hits you! The freezing wraith freezes you!
The freezing wraith hits you but does no damage.
The caustic shrike simulacrum claws you!
* * * LOW HITPOINT WARNING * * *
The caustic shrike simulacrum freezes you!!!
You die...
Your body crumbles into a pile of gold.

..........##
..........#
....Z...#
....... ....#
##..# #.$$##
#.≈≈≈.#ZW##
....#≈≈≈##@.#
.. #####...#
##...##
#...## #...##
##...#
##...##
##.....##
#...∩...#


You could see a freezing wraith, a lindwurm simulacrum and a caustic shrike
simulacrum.

Vanquished Creatures
  An orc warlord (Orc:2)
  The ghost of Stephen2Aus the Thaumaturge, a journeyman GnCj of Cheibriados (Orc:1)
  Azrael (Orc:2)
  Fannar (D:9)
  Erolcha (Orc:2)
  3 boulder beetles
  3 two-headed ogres
  2 orc high priests
  Sonja (D:10)
  The ghost of Tommy the Magician, a novice DjFE (D:6)
  A spriggan simulacrum (IceCv)
  An ugly thing (D:12)
  A necromancer (D:13)
  A cyclops (D:11)
  3 orc knights (Orc:2)
  2 orc sorcerers (Orc:2)
  A manticore (D:12)
  A guardian serpent (D:11)
  4 gargoyles
  A cane toad (shapeshifter) (D:13)
  A kobold demonologist (D:10)
  2 unseen horrors
  A komodo dragon (D:9)
  3 freezing wraiths
  An ice devil (IceCv)
  3 meliai (D:13)
  3 trolls
  2 hornets
  12 slime creatures
  4 shadows
  2 dire elephant simulacra (D:14)
  33 yaks
  A vampire (D:13)
  2 fire elementals (Orc:2)
  A steam dragon (D:9)
  A harpy simulacrum (D:14)
  2 vampire mosquitoes (D:13)
  3 wargs
  2 acid dragons
  A water moccasin (D:9)
  2 hell hounds (Orc:2)
  3 ice beasts
  25 orc warriors
  5 black bears
  9 ogres
  7 centaurs
  2 phantoms
  A gnoll sergeant (D:11)
  5 bullfrogs
  A necrophage (D:5)
  2 scorpions
  6 deep troll simulacra
  4 wights (D:6)
  A lindwurm simulacrum (D:14)
  14 killer bees
  5 howler monkeys
  4 electric eels (D:7)
  A jelly (D:5)
  Crazy Yiuf (D:4)
  3 hounds (D:5)
  2 gnoll boudas
  14 orc priests
  2 iguanas
  16 orc wizards
  11 gnolls
  7 adders
  2 white imps (D:6)
  An ufetubus (D:5)
  3 worms
  2 dart slugs
  47 orcs
  5 ball pythons
  9 bats
  4 endoplasms
  2 giant cockroaches
  7 goblins
  7 hobgoblins
  2 jackals (D:3)
  4 quokkas
  5 kobolds
  9 rats
373 creatures vanquished.

Vanquished Creatures (collateral kills)
  A yak (D:9)
  An orc warrior (Orc:1)
  A phantom (D:5)
  A hound (D:6)
  2 orc priests
  A white imp (D:6)
  4 orcs
11 creatures vanquished.

Vanquished Creatures (others)
  2 fire elementals (Orc:2)
  16 fungi (D:9)
  17 plants
35 creatures vanquished.

Grand Total: 419 creatures vanquished

Notes
Turn   | Place    | Note
-------+----------+-------------------------------------------
     0 | D:1      | Dorkslayer the Hill Orc Fighter began the quest for the
                  | Orb.
     0 | D:1      | Reached XP level 1. HP: 19/19 MP: 1/1
    73 | D:1      | Reached XP level 2. HP: 23/27 MP: 2/2
   446 | D:1      | Reached skill level 3 in Axes
   498 | D:1      | Found a faded altar of an unknown god.
   680 | D:2      | Reached XP level 3. HP: 33/33 MP: 3/3
  1129 | D:2      | Reached skill level 1 in Dodging
  1270 | D:2      | Identified the +3 robe "Panet" {Dex+6}
  1432 | D:3      | Reached XP level 4. HP: 41/41 MP: 4/4
  1560 | D:3      | Found a burning altar of Makhleb.
  1560 | D:3      | Found an ornate altar of the Wu Jian Council.
  1561 | D:3      | Found an iron altar of Okawaru.
  1864 | D:3      | Identified the +5 chain mail of the Beggar {rC+}
  2075 | D:4      | Reached skill level 4 in Axes
  2327 | D:4      | Noticed a black bear
  2337 | D:4      | Killed a black bear
  2338 | D:4      | Reached skill level 5 in Fighting
  2338 | D:4      | Reached skill level 1 in Evocations
  2338 | D:4      | Reached XP level 5. HP: 41/48 MP: 5/5
  2607 | D:4      | Noticed a phantom
  2617 | D:4      | Killed a phantom
  2618 | D:4      | Reached XP level 6. HP: 41/56 MP: 6/6
  2743 | D:4      | Found the +2 ratskin cloak {*Rats rPois rN+ Str-1 Int-1
                  | Dex+1}
  2914 | D:4      | Found a runed translucent door.
  2915 | D:4      | Noticed Crazy Yiuf
  2923 | D:4      | Killed Crazy Yiuf
  3072 | D:4      | Found a snail-covered altar of Cheibriados.
  3211 | D:5      | Entered Level 5 of the Dungeon
  3231 | D:5      | Reached skill level 5 in Axes
  3484 | D:5      | Reached XP level 7. HP: 57/61 MP: 7/7
  3712 | D:5      | Reached skill level 6 in Axes
  3772 | D:5      | Found a staircase to the Ecumenical Temple.
  3792 | Temple   | Entered the Ecumenical Temple
  3832 | Temple   | Became a worshipper of Gozag Ym Sagoz the Greedy
  3876 | D:5      | Found a radiant altar of Vehumet.
  4007 | D:5      | Reached XP level 8. HP: 63/70 MP: 8/8
  4022 | D:5      | Reached skill level 7 in Axes
  4296 | D:6      | Reached skill level 5 in Armour
  4297 | D:6      | Reached skill level 8 in Axes
  4830 | D:6      | Reached XP level 9. HP: 78/79 MP: 9/9
  4966 | D:6      | Found a runed translucent gate.
  4966 | D:6      | Noticed Tommy's ghost (novice DjFE)
  4972 | D:6      | Found a runed translucent gate.
  4976 | D:6      | Found a runed translucent gate.
  4976 | D:6      | Found a roughly hewn altar of Beogh.
  5104 | D:6      | Killed Tommy's ghost
  5105 | D:6      | Reached skill level 9 in Axes
  5191 | D:7      | Reached skill level 5 in Evocations
  5314 | D:7      | Found a transporter.
  5453 | D:7      | Reached skill level 10 in Axes
  5470 | D:7      | Found a transporter.
  5555 | D:7      | Noticed a hornet
  5563 | D:7      | Killed a hornet
  5564 | D:7      | Reached skill level 1 in Stealth
  5564 | D:7      | Reached XP level 10. HP: 90/90 MP: 10/10
  5612 | D:7      | Found an ancient bone altar of Kikubaaqudgha.
  5614 | D:7      | Found a shimmering blue altar of Sif Muna.
  6275 | D:8      | Reached skill level 11 in Axes
  6856 | D:9      | Found a broken altar of Ashenzari.
  7123 | D:9      | Reached skill level 12 in Axes
  7381 | D:9      | Found a staircase to the Lair.
  7413 | D:9      | Reached skill level 5 in Shields
  7419 | D:9      | Reached XP level 11. HP: 69/99 MP: 11/11
  7480 | D:9      | Noticed a two-headed ogre
  7485 | D:9      | Killed a two-headed ogre
  7486 | D:9      | Reached skill level 10 in Fighting
  7551 | D:9      | Noticed a boulder beetle
  7562 | D:9      | Reached skill level 13 in Axes
  7565 | D:9      | Killed a boulder beetle
  7795 | D:9      | Found a staircase to the Orcish Mines.
  8009 | Orc:1    | Entered Level 1 of the Orcish Mines
  8009 | Orc:1    | Noticed Fannar
  8033 | D:9      | Killed Fannar
  8193 | Orc:1    | Noticed Stephen2Aus's ghost (journeyman GnCj)
  8206 | Orc:1    | Found a runed translucent door.
  8281 | Orc:1    | Killed Stephen2Aus's ghost
  8622 | Orc:1    | Noticed an orc high priest
  8650 | Orc:1    | Killed an orc high priest
  8791 | Orc:1    | Found Laumas's Magic Scroll Shoppe.
  8802 | Orc:1    | Bought a scroll of silence for 123 gold pieces
  8802 | Orc:1    | Bought a scroll of brand weapon for 123 gold pieces
  8802 | Orc:1    | Bought a scroll of enchant armour for 97 gold pieces
  8802 | Orc:1    | Bought a scroll of vulnerability for 52 gold pieces
  8802 | Orc:1    | Bought a scroll of identify for 26 gold pieces
  8802 | Orc:1    | Bought a scroll of fear for 52 gold pieces
  8802 | Orc:1    | Bought a scroll of identify for 26 gold pieces
  8802 | Orc:1    | Bought a scroll of identify for 26 gold pieces
  8802 | Orc:1    | Bought a scroll of enchant armour for 97 gold pieces
  8802 | Orc:1    | Bought a scroll of teleportation for 39 gold pieces
  8802 | Orc:1    | Bought a scroll of teleportation for 39 gold pieces
  8972 | Orc:2    | Entered Level 2 of the Orcish Mines
  8976 | Orc:1    | Noticed a two-headed ogre
  8986 | Orc:1    | Killed a two-headed ogre
  8987 | Orc:1    | Reached skill level 14 in Axes
  8987 | Orc:1    | Reached XP level 12. HP: 66/110 MP: 12/12
  9490 | Orc:2    | Found a staircase to the Elven Halls.
  9710 | Orc:2    | Noticed Azrael
 10139 | Orc:2    | Killed Azrael
 10622 | Orc:2    | Noticed Erolcha
 10635 | Orc:2    | Killed Erolcha
 10740 | Orc:2    | Noticed a soul eater
 10907 | Orc:2    | Noticed an orc warlord
 10934 | Orc:2    | Killed an orc warlord
 10986 | Orc:2    | Noticed an orc high priest
 10992 | Orc:2    | Killed an orc high priest
 11000 | Orc:2    | Found a roughly hewn altar of Beogh.
 11011 | Orc:2    | Found Pupuaqo's Jewellery Boutique.
 11040 | Orc:2    | Found Vemoagye's Antique Armour Boutique.
 11047 | Orc:2    | Bought a pair of runed boots for 292 gold pieces
 11099 | Orc:2    | Found Ugikeelo's Antique Weapon Boutique.
 11353 | Orc:2    | Found Lymeulecvo's General Store.
 11359 | Orc:2    | Bought a potion of curing for 39 gold pieces
 11359 | Orc:2    | Bought a scroll of identify for 26 gold pieces
 11359 | Orc:2    | Bought a scroll of magic mapping for 97 gold pieces
 11359 | Orc:2    | Bought a wand of roots (2) for 62 gold pieces
 11385 | Orc:2    | Bought an amulet of the acrobat for 390 gold pieces
 11385 | Orc:2    | Bought a +6 ring of strength for 468 gold pieces
 11385 | Orc:2    | Bought a +4 ring of slaying for 1014 gold pieces
 11533 | D:10     | Entered Level 10 of the Dungeon
 11544 | D:10     | Noticed a two-headed ogre
 11552 | D:10     | Killed a two-headed ogre
 11553 | D:10     | Reached skill level 15 in Axes
 11803 | D:10     | Paralysed by a hornet for 3 turns
 11808 | D:10     | Reached XP level 13. HP: 92/122 MP: 13/13
 11998 | D:10     | Noticed Sonja
 12001 | D:10     | Killed Sonja
 13213 | D:12     | Reached skill level 1 in Throwing
 13352 | D:12     | Reached skill level 10 in Armour
 13746 | D:12     | Reached skill level 16 in Axes
 14356 | D:13     | Reached skill level 10 in Evocations
 14733 | D:13     | Found a gate to the Vaults.
 14847 | D:14     | Found a frozen archway.
 14866 | IceCv    | Entered an ice cave
 14988 | IceCv    | Mangled by a caustic shrike simulacrum

Illustrated notes

Levels and vault maps discovered:
D:1:      amcnicky_arrival_double_pillar, layout_basic,
          shapermc_ecumenical_altar_ellora
D:2:      layout_loops_ring
D:3:      layout_rooms, gammafunk_temple_overflow_claw
D:4:      layout_basic, mainiacjoe_overflow_alcove_2, uniq_crazy_yiuf_cottage
D:5:      layout_cave_pods, nicolae_vehumet_radiance, minmay_temple_entry_glass,
          minmay_checkerbox
D:6:      layout_rooms, biasface_ghost_orc_armoury
D:7:      gammafunk_steamed_eel, layout_rooms, grunt_temple_overflow_open
D:8:      layout_loops_corners
D:9:      layout_rooms, evilmike_ruin_ashenzari, grunt_lair_entry_orc_guard_hut,
          minmay_joined_circles
D:10:     layout_roguey, uniq_sonja
D:11:     layout_rooms, nrook_guardian_serpent_double
D:12:     layout_stronghold
D:13:     layout_roguey, david_vaults_4
D:14:     layout_basic, portal_ice_cave_entry_ice_simulacra,
          serial_co_window_serial, co_window_paths_a, co_window_paths_a,
          co_window_paths_a, co_window_corner_a, co_window_paths_a,
          co_window_of_opportunity_c, co_window_broadway_c,
          co_window_broadway_c, co_window_2corner, co_window_corner_b,
          co_window_of_opportunity_c, co_window_paths_d, glass_columns_a,
          glass_columns_c, minmay_misc_feat_cross,
          hangedman_abyss_or_decor_lesser_grid, zin_treasury, uniq_roxanne,
          uniq_lodul
Temple:   dpeg_chambers_temple
Orc:1:    layout_caves, hellmonk_ghost_happy_afterlife, serial_shops,
          nicolae_lakefront_shop, uniq_fannar
Orc:2:    grunt_orc_cross, layout_caves, uniq_erolcha, uniq_azrael
IceCv:    ice_cave_small_demon

Skill      XL: |  1  2  3  4  5  6  7  8  9 10 11 12 13 |
---------------+----------------------------------------+-----
Fighting       | 4 5 6 7 8 9 11 13 14 | 14.4
Axes           | 3 4 5 6 8 10 12 14 15 16 | 16.4
Dodging        | 1 2 3 4 |  4.0
Evocations     | 1 2 3 4 5 7 8 9 10 | 10.3
Armour         | 4 5 7 8 9 10 | 10.4
Shields        | 4 5 6 |  6.6
Stealth        | 1 2 4 |  4.5
Throwing       | 1 |  1.3

Action                   |  1- 3 |  4- 6 |  7- 9 | 10-12 | 13-15 || total
-------------------------+-------+-------+-------+-------+-------++-------
Melee: War axe           |   115 |   113 |   166 |   490 |   231 ||  1115
Throw: Boomerang         |       |       |     6 |     5 |       ||    11
       Dart              |       |       |       |       |     6 ||     6
       Javelin           |       |       |       |       |     1 ||     1
Evoke: Wand              |       |       |     7 |    36 |     4 ||    47
  Use: Scroll            |       |       |     7 |    15 |     7 ||    29
       Potion            |       |       |     1 |    19 |       ||    20
 Stab: Paralysed         |       |       |     3 |     3 |       ||     6
       Distracted        |       |       |     1 |     7 |     4 ||    12
       Invisible         |       |       |       |    18 |     2 ||    20
Armor: Scale mail        |    18 |       |       |       |       ||    18
       Chain mail        |    39 |    88 |   140 |   239 |       ||   506
       Plate armour      |       |       |       |    18 |   133 ||   151
Dodge: Dodged            |    42 |    65 |    67 |   162 |   112 ||   448
Block: Buckler           |    20 |    37 |    39 |    98 |    12 ||   206
       Kite shield       |       |       |       |       |    78 ||    78
